 Dungeon Sprint DCSS version 0.21-a0-434-g806c6c2 (webtiles) character file.

227 theanonym the Covert (level 5, -2/25 HPs)
             Began as a Spriggan Assassin on Nov 8, 2017.
             Slain by a neqoxec (12 damage)
             ... in the Dungeon (Sprint II: "The Violet Keep of Menkaure").
             The game lasted 00:01:29 (370 turns).

theanonym the Covert (Spriggan Assassin)             Turns: 370, Time: 00:01:30

Health: -2/25      AC:  3    Str:  7    XL:     5   Next: 70%
Magic:  6/6        EV: 17    Int: 13    God:
Gold:   243        SH:  0    Dex: 18    Spells: 4/4 levels left

rFire    . . .     SeeInvis +   a - +2 dagger
rCold    . . .     Gourm    .   (shield restricted)
rNeg     . . .     Faith    .   c - +0 robe
rPois    .         Spirit   .   (helmet restricted)
rElec    .         Reflect  .   d - +0 cloak
rCorr    .         Harm     .   (gloves unavailable)
MR       .....     NoTele   +   (boots unavailable)
Stlth    +++++.....             (no amulet)
HPRegen  0.08/turn              (no ring)
MPRegen  0.10/turn              (no ring)

@: very quick
A: unfitting armour, see invisible, deterioration 1, herbivore 3, speed 3, slow
metabolism 2
a: no special abilities


Innate Abilities, Weirdness & Mutations

You are very small and have problems with some larger weapons.
You are too small for most types of armour.
You have supernaturally acute eyesight. (SInv)
You are a herbivore.
You cover ground extremely quickly.
You need consume almost no food.
Your body sometimes deteriorates upon taking damage.


   Skills:
 + Level 1.5 Fighting
 - Level 10.7 Short Blades
 - Level 2.0 Throwing
 * Level 1.5 Dodging
 - Level 11.9 Stealth


You had 4 spell levels left.
You didn't know any spells.

Skill      XL: |  1  2  3  4 |
---------------+-------------+-----
Short Blades   | 5 6 7 10 | 10.7
Stealth        | 7 8 9 11 | 11.9
Fighting       | |  1.5
Throwing       | |  2.0
Dodging        | |  1.5

Action                   |  1- 3 |  4- 6 || total
-------------------------+-------+-------++-------
Melee: Dagger            |     3 |    32 ||    35
  Use: Potion            |       |     4 ||     4
 Stab: Sleeping          |     3 |       ||     3
Armor: Robe              |       |     3 ||     3
Dodge: Dodged            |       |     7 ||     7

Inventory:

Hand Weapons
 a - a +2 dagger (weapon)
 m - a +0 blowgun
Missiles
 e - 8 poisoned needles
 f - 2 curare-tipped needles
Armour
 c - a +0 robe (worn)
 d - a +0 cloak (worn)
Scrolls
 b - a scroll of blinking
Potions
 k - 2 potions of magic
Comestibles
 g - a bread ration

Dungeon Overview and Level Annotations

Branches:
Dungeon (1/1)

Altars:
You were in the Dungeon. You were not hungry. You visited 1 branch You collected 243 gold pieces.


Message History

You now have 243 gold pieces.
You take 1 damage, and have 20/22 hp.
Unknown command.
Unknown command.
You start resting.
You feel sick. x9
You are no longer poisoned.
You take 8 damage, and have 12/22 hp.
MASSIVE DAMAGE!!
You start resting.
Health restored: 22 You see here a worker ant corpse.
You open the door.
You close the door.
You see here a worker ant corpse.
There is an open door here.
You open the door.
A neqoxec comes into view.
There is an open door here.
The neqoxec shouts!
You hear a shout! x3
The neqoxec hits you!
Ouch! That really hurt!
* * * LOW HITPOINT WARNING * * *
You take 13 damage, and have 9/22 hp.
MASSIVE DAMAGE!!
You barely miss the neqoxec.
You aren't carrying any items that you can evoke.
Unknown command.
Unknown command.
You feel yourself speed up. The neqoxec hits you.
* * * LOW HITPOINT WARNING * * *
You take 2 damage, and have 7/22 hp.
A red film seems to cover your vision as you go berserk!
You feel yourself moving faster!
You feel mighty!
The neqoxec hits you but does no damage.
You now have 10/33 hp.
You hit the neqoxec. You barely miss the neqoxec. The neqoxec hits you.
* * * LOW HITPOINT WARNING * * *
You take 6 damage, and have 4/33 hp.
You barely miss the neqoxec. You puncture the neqoxec!
The neqoxec barely misses you.
You miss the neqoxec. You puncture the neqoxec! You puncture the neqoxec!
The neqoxec gestures at you.
Something tries to feed on your intellect!
You puncture the neqoxec!
You kill the neqoxec!
Training target 10.0 for Short Blades reached!
Training target 10.0 for Stealth reached!
Your Short Blades skill gained 2 levels and is now at level 10!
Your Stealth skill gained 2 levels and is now at level 11!
You need to enable at least one skill for training.
You have reached level 5!
You feel clever.
MP restored: 6
There is an open door here.
You feel a strong urge to attack something.
There is a staircase leading out of the dungeon here.
You feel your anger nearly subside.
You are no longer berserk.
You are exhausted.
You feel yourself slow down.
You now have 4/25 hp.
You start resting.
Your extra speed is starting to run out.
You start resting.
You feel yourself slow down.
You feel yourself speed up.
You recover from your berserk rage.
You regained 2 hp, and now have 7/25 hp.
Unknown command.
You start resting.
The walls and floor vibrate strangely for a moment.
You regained 5 hp, and now have 12/25 hp.
Unknown command.
You start resting.
A neqoxec comes into view.
You regained 4 hp, and now have 16/25 hp.
The neqoxec shouts!
The neqoxec hits you.
* * * LOW HITPOINT WARNING * * *
You take 5 damage, and have 11/25 hp.
You closely miss the neqoxec.
You aren't carrying any items that you can evoke.
Unknown command.
Okay, then.
You hit the neqoxec. You hit the neqoxec. You closely miss the neqoxec.
The neqoxec gestures at you.
Strange energies course through your body.
You feel yourself wasting away.
You closely miss the neqoxec. You hit the neqoxec but do no damage.
The neqoxec completely misses you.
You hit the neqoxec. You hit the neqoxec but do no damage.
The neqoxec gestures.
You closely miss the neqoxec. You closely miss the neqoxec.
The crimson imp hits you.
* * * LOW HITPOINT WARNING * * *
The neqoxec hits you!
You die...

+++#
...
##+##
##.#.##
#..#.†#
###.###
#'#
###5##
##3@<.+
#.##.##
#.###+#
##


You could see a neqoxec and a crimson imp.

Notes
Turn   | Place    | Note
-------+----------+-------------------------------------------
     0 | D        | theanonym the Spriggan Assassin began the quest for the Orb.
     0 | D        | Reached XP level 1. HP: 10/10 MP: 2/2
     1 | D        | Noticed a worker ant
     1 | D        | Noticed a worker ant
     3 | D        | Noticed a worker ant
     3 | D        | Noticed a worker ant
     4 | D        | Killed a worker ant
     4 | D        | Reached skill level 5 in Short Blades
     4 | D        | Reached skill level 7 in Stealth
     4 | D        | Reached XP level 2. HP: 14/14 MP: 3/3
     5 | D        | Reached skill level 6 in Short Blades
     5 | D        | Reached skill level 8 in Stealth
     5 | D        | Reached XP level 3. HP: 18/18 MP: 4/4
     7 | D        | Reached skill level 7 in Short Blades
     7 | D        | Reached skill level 9 in Stealth
     7 | D        | Reached XP level 4. HP: 22/22 MP: 5/5
    14 | D        | HP: 9/22 [worker ant (8)]
    19 | D        | HP: 10/22 [worker ant (4)]
    22 | D        | Reached skill level 8 in Short Blades
    55 | D        | Killed Menkaure
    63 | D        | Killed a crocodile
   182 | D        | Noticed an ice statue
   191 | D        | Noticed a neqoxec
   193 | D        | HP: 9/22 [neqoxec (13)]
   198 | D        | HP: 4/33 [neqoxec (6)]
   204 | D        | Killed a neqoxec
   204 | D        | Reached skill level 10 in Short Blades
   204 | D        | Reached skill level 11 in Stealth
   204 | D        | Reached XP level 5. HP: 5/25 MP: 6/6
   327 | D        | Killed a neqoxec
   331 | D        | Killed a crocodile
   360 | D        | Noticed a neqoxec
   360 | D        | HP: 11/25 [neqoxec (5)]
   364 | D        | Gained mutation: Your body sometimes deteriorates upon taking damage. [a neqoxec]
   370 | D        | HP: 10/25 [crimson imp[a neqoxec] (1)]
   370 | D        | Slain by a neqoxec

Vanquished Creatures
  A neqoxec (D)
  4 worker ants (D)
5 creatures vanquished.

Vanquished Creatures (others)
  A neqoxec (D)
  Menkaure (D)
  2 crocodiles (D)
4 creatures vanquished.

Grand Total: 9 creatures vanquished
